 Dungeon Crawl Stone Soup version 0.24.1 (webtiles) character file.

Game seed: 7187157392290763439, levelgen mode: deterministic

11 Oxidus the Ducker (level 2, -4/11 HPs)
             Began as a Felid Earth Elementalist on Mar 26, 2020.
             Slain by a goblin
             ... wielding a +0 club
              (6 damage)
             ... on level 3 of the Dungeon.
             The game lasted 00:05:46 (920 turns).

Oxidus the Ducker (Felid Earth Elementalist)         Turns: 920, Time: 00:05:47

Health: -4/11      AC:  1    Str:  4    XL:     2   Next: 13%
Magic:  5/6        EV: 18    Int: 16    God:
Gold:   39         SH:  0    Dex: 16    Spells: 2/5 levels left
                                        Lives:  0   Deaths: 0

rFire    x . .     SeeInvis +   (weapon unavailable)
rCold    + . .     Gourm    .   (shield unavailable)
rNeg     . . .     Faith    +   (armour unavailable)
rPois    +         Spirit   .   (helmet unavailable)
rElec    .         Reflect  .   (cloak unavailable)
rCorr    .         Harm     .   (gloves unavailable)
MR       .....                  (boots unavailable)
Stlth    +++.......             i - amulet of faith
HPRegen  0.03/turn              a - ring of ice
MPRegen  0.10/turn              l - ring of poison resistance

@: quick
A: very small, no armour, no weapons or thrown items, stealth, claws 1, fangs 3,
see invisible, carnivore, speed 1, shaggy fur 1, slow metabolism 1, sharp paws
a: no special abilities


You were on level 3 of the Dungeon.
You were not hungry.

You visited 1 branch of the dungeon, and saw 3 of its levels.

You collected 39 gold pieces.

Inventory:

Missiles
 b - 19 stones
Jewellery
 a - a ring of ice (left paw)
 i - an amulet of faith (around neck)
 l - a ring of poison resistance (right paw)
Scrolls
 f - 2 scrolls of amnesia
 g - a scroll of remove curse {unknown}
 h - a scroll of blinking {unknown}
 j - a scroll of identify {unknown}
Potions
 d - a potion of might {unknown}
 k - a potion of resistance {unknown}
Comestibles
 c - a ration


   Skills:
 + Level 2.9 Dodging
 + Level 2.8 Stealth
 + Level 0.7 Unarmed Combat
 + Level 2.2 Spellcasting
 + Level 1.1 Transmutations
 + Level 2.8 Earth Magic


You had 2 spell levels left.
You knew the following spells:

 Your Spells              Type           Power        Failure   Level  Hunger
a - Sandblast             Erth           ##....       6%          1    #......
b - Passwall              Tmut/Erth      #.......     14%         2    ###....

Your spell library contained the following spells:

 Spells                   Type           Power        Failure   Level  Hunger
 Stone Arrow              Conj/Erth      #.....       34%         3    ###....
 Petrify                  Tmut/Erth      #.......     65%         4    #####..
 Lee's Rapid Deconstruct  Erth           ##........   86%         5    ######.


Dungeon Overview and Level Annotations

Branches:
Dungeon (3/15)

Altars:


Innate Abilities, Weirdness & Mutations

You cannot wear armour.
You are incapable of wielding weapons or throwing items.
Your paws allow you to move quietly. (Stealth)
You have sharp claws.
You have razor-sharp teeth.
You have supernaturally acute eyesight. (SInv)
You are carnivorous and can eat meat at any time.
You cover ground quickly.
You are covered in fur. (AC +1)
You have a slow metabolism.
Your sharp claws are effective at attacking unaware monsters.


Message History

A goblin comes into view. It is wielding a +0 club.
You scratch the leopard gecko.
The leopard gecko is heavily wounded.
The leopard gecko misses you.
You scratch the leopard gecko but do no damage.
The leopard gecko is heavily wounded.
The leopard gecko bites you.
* * * LOW HITPOINT WARNING * * *
The leopard gecko barely misses you.
Casting: Sandblast (safe; 6% risk of failure)
Confirm with . or Enter, or press ? or * to list all spells.
Aiming: Sandblast (safe; 6% risk of failure)
Press: ? - help, Shift-Dir - straight line, f - leopard gecko
Aim: a leopard gecko (heavily wounded, clinging)
The blast of sand hits the leopard gecko!
You kill the leopard gecko!
b - 19 stones The goblin hits you with a +0 club.
Ouch! That really hurt!
You die...

#.# . #.# .##
#####.# ...##
......#####..=.##
...g...g........
o#.#####.......#
#.# #.###..## #.#
#.# .########...
#g#
#.###.##.@g......
##.#
#.....##†######..
...# ###.####.#
#### #.####.####
#.........#
######.#...#
#.#...... #..
..... #........


You could see a goblin.

Vanquished Creatures
  A leopard gecko (D:3)
  A bat (D:1)
  A goblin (D:1)
  3 kobolds
  A ball python (D:1)
  3 frilled lizards (D:1)
  A rat (D:1)
11 creatures vanquished.

Notes
Turn   | Place    | Note
-------+----------+-------------------------------------------
     0 | D:1      | Oxidus the Felid Earth Elementalist began the quest for the
                  | Orb.
     0 | D:1      | Reached XP level 1. HP: 7/7 MP: 4/4
   553 | D:2      | Reached XP level 2. HP: 11/11 MP: 1/6
   648 | D:3      | Learned a level 2 spell: Passwall
   920 | D:3      | Slain by a goblin

Levels and vault maps discovered:
D:1:      psy_arrival_dodecagon, layout_basic
D:2:      layout_basic
D:3:      layout_loops_corners, first_ration, minmay_misc_feat_pillars

Action                   || total
-------------------------++-------
Melee: Unarmed           ||    22
       Bite              ||     1
 Cast: Sandblast         ||    11
       Passwall          ||     2
  Use: Scroll            ||     2
 Stab: Sleeping          ||     2
  Eat: Chunk             ||     1
Armor: Skin              ||     4
Dodge: Dodged            ||    16
